AoeStats
← Aramis

Arabian Desert

510949546Analyzed
1v1 RM · 5h ago on Oct 3, 2026· 35m 56s· 2 players
Game mode
Random Map
Map size
Tiny (2 player)
Population
200
Speed
Normal
Resources
Standard
Victory
Conquest
Starting age
Dark Age
Ending age
Imperial Age
RankedLock teamsTeams togetherTeam positionsShared explorationLock speedFull tech treeHidden civsTurbo modeCheats
Victory
Defeat
🇨🇳 Spanish · China
961
+15
🇺🇸 Khmer · United States
949
-15
Aramis
5:35 Loom
11:40 Feudal Age
12:24 Double-Bit Axe
21:51 Castle Age
19:59 Horse Collar
20:39 Scale Barding Armor
20:53 Bloodlines
22:54 Husbandry
24:35 Fletching
24:33 Elite Skirmisher
28:11 Padded Archer Armor
30:20 Bodkin Arrow
qwq
12:36 Feudal Age
12:29 Loom
16:47 Castle Age
19:03 Double-Bit Axe
28:04 Wheelbarrow
27:18 Town Watch
28:19 Scale Barding Armor
33:49 Imperial Age
33:29 Husbandry
35:07 Bloodlines
Connection lost

Rejoining the realm…

Still unreachable

The connection could not be restored.

Session expired

The server has moved on; the page needs a fresh start.